 Dungeon Sprint DCSS version 0.25-a0-41-g6cf4ce537d (webtiles) character file.

Game seed: 5101318605583473252, levelgen mode: deterministic

424 GordonOverkill the Cleaver (level 6, -9/67 HPs)
             Began as a Minotaur Berserker on Oct 21, 2019.
             Was a Believer of Trog.
             Succumbed to Sonja's poison
             ... in the Dungeon (Sprint I: "Red Sonja").
             The game lasted 00:01:16 (311 turns).

GordonOverkill the Cleaver (Minotaur Berserker)      Turns: 311, Time: 00:01:17

Health: -9/67      AC:  6    Str: 23    XL:     6   Next: 64%
Magic:  5/5        EV: 10    Int:  4    God:    Trog [**....]
Gold:   307        SH:  0    Dex: 10    Spells: 5/5 levels left

rFire    . . .     SeeInvis .   a - +0 hand axe
rCold    . . .     Gourm    .   (no shield)
rNeg     . . .     Faith    .   l - +0 scale mail
rPois    .         Spirit   .   (helmet restricted)
rElec    .         Reflect  .   (no cloak)
rCorr    .         Harm     .   (no gloves)
MR       .....     NoTele   +   (no boots)
Stlth    ..........             (no amulet)
HPRegen  0.21/turn              (no ring)
MPRegen  0.09/turn              (no ring)

@: lethally poisoned (-9 -> -143), berserk cooldown, slowed, very slow
A: retaliatory headbutt, horns 2
a: Berserk, Trog's Hand, Renounce Religion


You were in the Dungeon.
You worshipped Trog.
Trog was pleased with you.
You were hungry.

You visited 1 branch You collected 307 gold pieces.

Inventory:

Hand Weapons
 a - a +0 hand axe (weapon)
Armour
 l - a +0 scale mail (worn)
Wands
 j - a wand of flame (17)
Scrolls
 i - a scroll of blinking
Potions
 b - a potion of lignification {unknown}
 d - a potion of curing
 e - a potion of heal wounds
 f - a potion of haste
 g - 2 potions of magic
 h - 2 potions of berserk rage
Comestibles
 c - a ration
 k - 6 chunks of flesh


   Skills:
 - Level 10.9 Fighting
 + Level 13.5 Axes
 - Level 2.4 Armour
 - Level 2.1 Dodging


You had 5 spell levels left.
You didn't know any spells.
Your spell library was empty.

Dungeon Overview and Level Annotations

Branches:
Dungeon (1/1)

Altars:
Cheibriados
Dithmenos
Elyvilon
Fedhas
Gozag
Hepliaklqana
Kikubaaqudgha
Nemelex Xobeh
Okawaru
Qazlal
Ru
Sif Muna
Trog
Uskayaw
Vehumet
Wu Jian
Yredelemnul
Zin
The Shining One

Shops:
D :

Annotations:
D Sonja


Innate Abilities, Weirdness & Mutations

You reflexively headbutt those who attack you in melee.
You have a pair of horns on your head.


Message History

* * * LOW HITPOINT WARNING * * *
You are more poisoned.
Sonja hits you with a +2 dagger of venom.
* * * LOW HITPOINT WARNING * * *
Sonja hits you but does no damage.
You are more poisoned.
Sonja hits you but does no damage.
You are more poisoned.
Sonja hits you but does no damage.
You are more poisoned.
Sonja hits you but does no damage.
You are more poisoned.
You are too injured to fight recklessly!
You are too injured to fight recklessly!
You are too injured to fight recklessly!
You are too injured to fight recklessly!
You are too injured to fight recklessly!
Your scale mail prevents you from hitting Sonja.
Sonja is heavily wounded.
You die...

################
#<.#..)..#..'..#
#..'[.#..').#..+
#..#####'#####'#
#..####..#...#.####§
#..#__####.K##§#≈§≈§
#..#_____##@#_§§§§§§
#⌠⌠#_.∩...÷..._#
####_..__##_(#'#
#_____###(#(#
####### #(### +$.$+
#$.$# ##.## #+#


You could see Sonja.

Vanquished Creatures
  Sigmund (D)
  A yak (D)
  An ogre (D)
  A jelly (D)
  Ijyb (D)
5 creatures vanquished.

Notes
Turn   | Place    | Note
-------+----------+-------------------------------------------
     0 | D        | GordonOverkill the Minotaur Berserker began the quest for
                  | the Orb.
     0 | D        | Reached XP level 1. HP: 19/19 MP: 0/0
     1 | D        | Noticed Ijyb
     9 | D        | Killed Ijyb
     9 | D        | Reached skill level 5 in Fighting
     9 | D        | Reached skill level 5 in Axes
     9 | D        | Reached XP level 2. HP: 30/30 MP: 1/1
    48 | D        | Noticed an ogre
    51 | D        | Killed an ogre
    51 | D        | Reached skill level 8 in Axes
    51 | D        | Reached XP level 3. HP: 41/41 MP: 2/2
    51 | D        | Reached XP level 4. HP: 49/49 MP: 3/3
    97 | D        | Noticed Sigmund
   102 | D        | Killed Sigmund
   102 | D        | Reached ** piety under Trog
   102 | D        | Reached skill level 10 in Fighting
   102 | D        | Reached skill level 10 in Axes
   102 | D        | Reached XP level 5. HP: 59/59 MP: 4/4
   156 | D        | Found a shimmering blue altar of Sif Muna.
   157 | D        | Found an ornate altar of the Wu Jian Council.
   158 | D        | Found a radiant altar of Vehumet.
   162 | D        | Reached skill level 11 in Axes
   162 | D        | Reached XP level 6. HP: 57/67 MP: 5/5
   225 | D        | Found Xyc Pel's Book Emporium.
   225 | D        | Found an ancient bone altar of Kikubaaqudgha.
   225 | D        | Found a hazy altar of Hepliaklqana.
   225 | D        | Found a hide-covered altar of Uskayaw.
   225 | D        | Found a basalt altar of Yredelemnul.
   225 | D        | Found an opulent altar of Gozag.
   225 | D        | Found a snail-covered altar of Cheibriados.
   225 | D        | Found a sacrificial altar of Ru.
   225 | D        | Found a shadowy altar of Dithmenos.
   225 | D        | Noticed a yak
   231 | D        | Killed a yak
   231 | D        | Reached skill level 13 in Axes
   232 | D        | Found a stormy altar of Qazlal.
   232 | D        | Found a blossoming altar of Fedhas.
   232 | D        | Found a bloodstained altar of Trog.
   232 | D        | Found an iron altar of Okawaru.
   232 | D        | Found a glowing golden altar of the Shining One.
   232 | D        | Found a glowing silver altar of Zin.
   232 | D        | Found a white marble altar of Elyvilon.
   235 | D        | Found a sparkling altar of Nemelex Xobeh.
   300 | D        | Noticed Sonja
   310 | D        | HP: 3/67 [Sonja/+2 dagger of venom (7)]
   311 | D        | Succumbed to Sonja's poison

Levels and vault maps discovered:
D:        dungeon_sprint_1 [red_sonja_temple_1, red_sonja_temple_small_1]

Skill      XL: |  1  2  3  4  5  6 |
---------------+-------------------+-----
Fighting       | 5 8 10 | 10.9
Axes           | 5 8 10 11 13 | 13.5
Armour         | |  2.4
Dodging        | |  2.1

Action                   |  1- 3 |  4- 6 || total
-------------------------+-------+-------++-------
Melee: Hand axe          |     8 |    15 ||    23
       Headbutt          |     2 |     5 ||     7
Invok: Berserk           |     2 |     3 ||     5
  Eat: Chunk             |       |     2 ||     2
Armor: Scale mail        |       |    12 ||    12
Dodge: Dodged            |     4 |     8 ||    12

Table legend:
 A = Non-vault XP
 B = Vault XP
 C = Vault XP percentage of total XP
 D = Non-vault monster count
 E = Vault monster count
 F = Vault count percentage of total count
                 A         B        C        D         E       F
            +---------+---------+-------+---------+---------+-------
      Total |       0 |     607 | 100.0 |       0 |       5 | 100.0
            +---------+---------+-------+---------+---------+-------
          D |       0 |     607 | 100.0 |       0 |       5 | 100.0
            +---------+---------+-------+---------+---------+-------
